 Dungeon Crawl Stone Soup version 0.18-a0-993-g4a3b7c7 (webtiles) character file.

243 Ironfinger the Skirmisher (level 5, -1/42 HPs)
             Began as a Mummy Fighter on Jan 4, 2016.
             Slain by Natasha (4 damage)
             ... on level 2 of the Dungeon.
             The game lasted 00:06:06 (1366 turns).

Ironfinger the Skirmisher (Mummy Fighter)           Turns: 1366, Time: 00:06:07

Health: -1/42      AC:  9    Str: 20    XL:     5   Next: 82%
Magic:  5/5        EV:  6    Int:  7    God:
Gold:   74         SH:  9    Dex: 12    Spells: 0 memorised, 4 levels left

rFire  x . .     SeeInvis .     a - +0 war axe
rCold  + . .     Gourm    .     n - +0 chain mail (curse)
rNeg   + + +     Faith    .     c - +0 shield
rPois  ∞         Spirit   .     (no helmet)
rElec  .         Dismiss  .     (no cloak)
rCorr  .         Reflect  .     (no gloves)
SustAt .         Harm     .     (no boots)
MR     .....                    (no amulet)
Stlth  ..........               (no ring)
                                (no ring)

@: not resistant to hostile enchantments, extremely unstealthy
A: no food or potions, fire vulnerability, cold resistance 1, negative energy
resistance 3, torment resistance, unbreathing
a: no special abilities


You were on level 2 of the Dungeon.
You were not hungry.

You visited 1 branch of the dungeon, and saw 2 of its levels.

You collected 74 gold pieces.

Inventory:

Hand Weapons
 a - a +0 war axe (weapon)
 m - a +0 spear
 p - a +0 scythe
Missiles
 l - 21 stones (quivered)
Armour
 b - a +0 scale mail
 c - a +0 shield (worn)
 k - a +0 ring mail
 n - a cursed +0 chain mail (worn)
 q - a cursed +0 robe
Scrolls
 d - a scroll of amnesia {unknown}
 e - a scroll of magic mapping {unknown}
 f - a scroll of enchant weapon {unknown}
 g - a scroll of enchant armour {unknown}
 h - 5 scrolls of identify {unknown}
 i - 4 scrolls of fog {unknown}
 j - a scroll of teleportation {unknown}
 o - a scroll of remove curse {unknown}


   Skills:
 + Level 3.7 Fighting
 + Level 2.4 Axes
 + Level 3.2 Armour
 + Level 2.1 Dodging
 + Level 0.1 Stealth
 + Level 3.4 Shields


You had 4 spell levels left.
You didn't know any spells.

Dungeon Overview and Level Annotations

Branches:
Dungeon (2/15)

Altars:
Dithmenos

Annotations:
D:2 Natasha


Innate Abilities, Weirdness & Mutations

You do not eat or drink.
Your flesh is vulnerable to fire.
You are immune to poison.
Your flesh is cold resistant.
You are immune to negative energy.
You are immune to unholy pain and torment.
You can survive without breathing.


Message History

Natasha is moderately wounded.
Natasha extends her claws.
Natasha claws you.
You hit Natasha.
Natasha is severely wounded.
Natasha claws you!
* * * LOW HITPOINT WARNING * * *
The shadow imp shouts, "Remove thy stench, thou quaking limp-willed cotton waste!"
Natasha claws you.
* * * LOW HITPOINT WARNING * * *
You closely miss Natasha.
Natasha is severely wounded.
Natasha stares at you and mumbles some strange words.
You resist with some effort.
You barely miss Natasha.
Natasha is severely wounded.
Natasha claws you.
* * * LOW HITPOINT WARNING * * *
Natasha claws you.
You die...

##.#...#.#..
#.$.......#
#.........#
#.........#
###....######## #.
#w...##.....# #.
#55..##.....# #.
#h#####.....## #.
#@## #......####.
#..# #.........#.
##.# #.#.##.##.#.
#.# #.#....##... #.#
#.#.##.##..#
####.####.#........#
########
#..............###.#
.......##
#.##.##.#####..# #.#
.####.#.##
#.##.##.#####..###.#


You could see a worm, Natasha, a crimson imp and a shadow imp.

Vanquished Creatures
  Sigmund (D:2)
  Ijyb (D:2)
  Natasha (D:2)
  7 bats
  A giant cockroach (D:1)
  4 goblins
  9 hobgoblins
  A kobold (D:1)
  A giant newt (D:1)
  6 rats
32 creatures vanquished.

Notes
Turn   | Place    | Note
--------------------------------------------------------------
     0 | D:1      | Ironfinger the Mummy Fighter began the quest for the Orb.
     0 | D:1      | Reached XP level 1. HP: 18/18 MP: 1/1
   284 | D:1      | Reached XP level 2. HP: 24/24 MP: 2/2
   813 | D:2      | Reached skill level 1 in Dodging
   991 | D:2      | Noticed Ijyb
  1008 | D:2      | Killed Ijyb
  1008 | D:2      | Reached XP level 3. HP: 21/29 MP: 3/3
  1026 | D:2      | Found a shadowy altar of Dithmenos.
  1146 | D:2      | Noticed Natasha
  1158 | D:2      | Killed Natasha
  1158 | D:2      | Reached XP level 4. HP: 18/35 MP: 4/4
  1243 | D:2      | Noticed Sigmund
  1259 | D:2      | Killed Sigmund
  1259 | D:2      | Reached XP level 5. HP: 18/42 MP: 5/5
  1352 | D:2      | Noticed Natasha
  1366 | D:2      | Slain by Natasha

Vault maps used:
D:1:      dpeg_arrival_yet_another_circle
D:2:      gammafunk_temple_overflow_pools, lemuel_crystal_altar, uniq_natasha,
          uniq_sigmund, uniq_iyjb

Action                   |  1- 3 |  4- 6 || total
-------------------------+-------+-------++-------
Melee: War axe           |   120 |    30 ||   150
